 Dungeon Crawl Stone Soup version 0.29-a0-283-ga02f740833 (webtiles) character file.

Game seed: 12217034574201920516

1856 sokol815 the Covert (level 9, -2/51 HPs)
             Began as an Octopode Venom Mage on Mar 14, 2022.
             Slain by a wyvern (17 damage)
             ... on level 7 of the Dungeon.
             The game lasted 00:33:35 (9335 turns).

sokol815 the Covert (Octopode Venom Mage)           Turns: 9335, Time: 00:33:36

Health: -2/51      AC:  1    Str:  7    XL:     9   Next: 13%
Magic:  4/12       EV: 13    Int: 22    God:
Gold:   401        SH:  0    Dex: 12    Spells: 2/12 levels left

rFire   + + .      SeeInvis .   b - +3 dagger (elec)
rCold   . . .      Faith    .   (no shield)
rNeg    . . .      Spirit   .   (helmet restricted)
rPois   .          Reflect  .   (no amulet)
rElec   .          Harm     .   F - ring of protection from fire {rF+, !d}
rCorr   +          Rampage  .   Z - ring of wizardry {Wiz+, !d}
Will    .....                   A - ring of protection from fire {rF+, !d}
Stlth   +++++.....              X - ring of resist corrosion
HPRegen 0.17/turn               (no ring)
MPRegen 0.13/turn               (no ring)
                                (no ring)
                                (no ring)

@: about to teleport
A: almost no armour, amphibious, 8 rings, camouflage 1, gelatinous body 1,
(nimble swimmer 1), tentacles
a: no special abilities


You were on level 7 of the Dungeon.
You visited 2 branches of the dungeon, and saw 8 of its levels.

You collected 401 gold pieces.

Inventory:

Hand Weapons
 a - a +2 spear of protection
   (You found it on level 1 of the Dungeon)
 b - a +3 dagger of electrocution (weapon)
   (You took it off a kobold on level 1 of the Dungeon)
 f - a +0 hunting sling
   (You took it off a kobold on level 2 of the Dungeon)
 m - a +2 short sword of venom
   (You took it off an orc on level 6 of the Dungeon)
 n - a +3 short sword of flaming
   (You took it off Duvessa on level 6 of the Dungeon)
Missiles
 d - 5 boomerangs
 h - 10 poisoned darts
 s - 175 stones
Magical Staves
 i - a staff of earth
   (You found it on level 3 of the Dungeon)
Jewellery
 A - a ring of protection from fire (on tentacle) {rF+, !d}
   (You took it off a gnoll on level 6 of the Dungeon)
 F - a ring of protection from fire (left tentacle) {rF+, !d}
   (You found it on level 4 of the Dungeon)
 X - a ring of resist corrosion (on tentacle)
   (You found it on level 7 of the Dungeon)
 Z - a ring of wizardry (right tentacle) {Wiz+, !d}
   (You took it off an orc on level 4 of the Dungeon)
Wands
 j - a wand of polymorph (6)
   (You found it on level 4 of the Dungeon)
 q - a wand of flame (16)
   (You took it off Duvessa on level 6 of the Dungeon)
 y - a wand of mindburst (6)
   (You found it on level 5 of the Dungeon)
Scrolls
 g - a scroll of torment {!r}
 o - 2 scrolls of magic mapping {@r4!r}
 E - a scroll of fear
 S - a scroll of summoning
 Y - 2 scrolls of teleportation {@r3}
Potions
 c - 4 potions of attraction {!q}
 e - a potion of brilliance {unknown}
 l - a potion of flight {unknown}
 M - 2 potions of might


   Skills:
 + Level 3.9 Short Blades
 - Level 2.0 Dodging
 - Level 8.0 Stealth
 - Level 2.0 Spellcasting
 - Level 5.0 Conjurations
 - Level 1.0 Transmutations
 * Level 1.5 Ice Magic
 - Level 5.0 Air Magic
 + Level 7.5 Poison Magic


You had 2 spell levels left.
You knew the following spells:

 Your Spells              Type           Power      Damage    Failure   Level
a - Sting                 Tmut/Pois      84%        1d7       1%          1
b - Dazzling Flash        Conj/Hex       26%        N/A       6%          3
x - Mephitic Cloud        Conj/Pois/Air  27%        N/A       1%          3
A - Ozocubu's Armour      Ice            9%         N/A       9%          3

Your spell library contained the following spells:

 Spells                   Type           Power      Damage    Failure   Level
 Magic Dart               Conj           96%        1d7       1%          1
 Poisonous Vapours        Pois/Air       58%        N/A       1%          2
 Call Imp                 Summ           2%         N/A       9%          2
 Olgreb's Toxic Radiance  Pois           35%        N/A       2%          4
 Tukima's Dance           Hex            2%         N/A       16%         3
 Passage of Golubria      Tloc           2%         N/A       45%         4
 Silence                  Hex/Air        6%         N/A       45%         5
 Yara's Violent Unravell  Hex/Tmut       2%         3d3       73%         5
 Agony                    Necr           2%         N/A       80%         5
 Ozocubu's Refrigeration  Ice            4%         4d5       100%        7


Dungeon Overview and Level Annotations

Branches:
Dungeon (7/15)             Temple (1/1) D:7

Altars:
Ashenzari
Cheibriados
Elyvilon
Hepliaklqana
Kikubaaqudgha
Nemelex Xobeh
Qazlal
Ru
Sif Muna
Trog
Vehumet
Xom
Yredelemnul
Zin
The Shining One

Annotations:
D:2 Jessica
D:6 Menkaure
D:7 exclusions: gnoll, kobold, 3 orcs, orc priest, 2 wights and wyvern


Innate Abilities, Weirdness & Mutations

You cannot wear most types of armour.
You are amphibious.
You can wear up to eight rings at the same time.
Your skin changes colour to match your surroundings (Stealth+).
Your rubbery body absorbs attacks. (AC +1, EV +1)
((You are camouflaged when in or above water. (Stealth+)))
You have tentacles for arms and can constrict up to eight enemies at once.


Message History

You hear a shout!
You now have 6/12 mp.
The bullfrog is engulfed in noxious fumes.
The bullfrog appears confused.
The bullfrog hits the gnoll.
The gnoll is engulfed in noxious fumes. x2; The gnoll appears confused.
You hit the gnoll. Lightning courses through the gnoll!
You kill the gnoll!
The bullfrog is engulfed in noxious fumes.
The bullfrog appears confused.
The bullfrog is engulfed in noxious fumes.
The bullfrog appears confused.
The gnoll barely misses the kobold.
The gnoll hits itself with a +0 spear!
The gnoll is killed!
Aim: a bullfrog (noxious fumes, lightly wounded, confused, chance to affect: 81%)
The ball explodes into a vile cloud!
The stinking cloud engulfs the gnoll shaman but does no damage.
The stinking cloud engulfs the bullfrog but does no damage.
The stinking cloud engulfs the gnoll but does no damage.
The bullfrog is engulfed in noxious fumes.
The gnoll shaman is engulfed in noxious fumes.
The gnoll shaman appears confused.
You now have 3/12 mp.
The gnoll shaman is engulfed in noxious fumes.
The gnoll shaman appears confused.
Aim: a bullfrog (noxious fumes, lightly wounded, confused, chance to affect: 81%)
The ball explodes into a vile cloud!
The stinking cloud engulfs the bullfrog but does no damage.
The stinking cloud engulfs the gnoll shaman but does no damage.
The stinking cloud engulfs the gnoll but does no damage.
The bullfrog is engulfed in noxious fumes.
The bullfrog appears confused.
The bullfrog hits the gnoll shaman but does no damage.
The bullfrog is engulfed in noxious fumes.
The bullfrog appears confused.
The gnoll shaman is engulfed in noxious fumes.
The gnoll shaman appears confused.
The gnoll shaman hits itself with a +0 club!
You now have 1/12 mp.
Okay, then.
The bullfrog is engulfed in noxious fumes.
The bullfrog appears confused.
The bullfrog hits the gnoll.
The gnoll shaman is engulfed in noxious fumes.
The gnoll shaman appears confused.
The bullfrog is engulfed in noxious fumes.
The bullfrog appears confused.
The bullfrog hits the kobold!
The kobold is killed!
The bullfrog hits itself!
Aim: a gnoll, wielding a +0 whip (severely wounded, fast, chance to affect: 72%)
The gnoll's mind is blasted!
You blow up the gnoll!
The bullfrog is engulfed in noxious fumes.
The bullfrog appears confused.
The gnoll shaman hits the bullfrog with a +0 club.
The bullfrog hits the gnoll.
The bullfrog hits itself.
The wyvern hisses angrily.
Okay, then.
Magic courses through your body.
MP restored: 12 The ball explodes into a vile cloud!
The stinking cloud engulfs the gnoll shaman but does no damage.
The stinking cloud engulfs the wyvern but does no damage.
You hear a shout!
The wyvern is engulfed in noxious fumes.
The wyvern bites you.
The gnoll shaman is engulfed in noxious fumes.
The gnoll shaman appears confused.
The gnoll shaman barely misses you.
You take 3 damage, and have 48/51 hp.
You now have 10/12 mp.
The wyvern attacks as you move away! The wyvern bites you!
The gnoll shaman is engulfed in noxious fumes.
The gnoll shaman appears confused.
The gnoll shaman hits the wyvern with a +0 club.
You take 13 damage, and have 35/51 hp.
MASSIVE DAMAGE!!
The ball explodes into a vile cloud!
The stinking cloud engulfs the wyvern but does no damage.
The stinking cloud engulfs the gnoll shaman but does no damage.
The wyvern closely misses you.
The bullfrog barely misses the gnoll.
The wyvern bites you.
The gnoll shaman is engulfed in noxious fumes.
The gnoll shaman hits the wyvern but does no damage.
You take 2 damage, and have 33/51 hp.
You now have 7/12 mp.
The ball explodes into a vile cloud!
The stinking cloud engulfs the wyvern but does no damage.
The stinking cloud engulfs the gnoll shaman but does no damage.
The wyvern bites you!!
* * * LOW HITPOINT WARNING * * *
The gnoll shaman is engulfed in noxious fumes.
The gnoll shaman appears confused.
You take 18 damage, and have 15/51 hp.
MASSIVE DAMAGE!!
You now have 4/12 mp.
You hit the gnoll shaman. You grab the gnoll shaman.
You squeeze the gnoll shaman.
You kill the gnoll shaman!
The wyvern barely misses you.
The bullfrog barely misses the gnoll.
The wyvern closely misses you.
As you read the scroll of teleportation {@r3}, it crumbles to dust.
You feel strangely unstable. The wyvern bites you!
You die...

#.##.K..#
#.#..$.g.
#.#.g.... #..g.#
#gg### #..# #.$#
#.###########..#
#.....@l°°KgF.)#
######.☼☼g)....#
###########


You could see a wyvern, a kobold brigand, a bullfrog (confused) and 2 gnolls.

Vanquished Creatures
  Duvessa (D:6)
  An orc warrior (D:6)
  An ice beast (D:7)
  A sky beast (D:7)
  A centaur (D:6)
  An ogre (D:6)
  2 scorpions
  5 necrophages
  Dowan (D:6)
  3 howler monkeys
  2 gnoll shamans
  3 hounds
  A jelly (D:3)
  3 iguanas
  Natasha (thrice) (D:2)
  4 orc wizards
  Robin (D:2)
  13 gnolls
  4 adders
  A white imp (D:6)
  4 ufetubi
  A worm (D:4)
  2 dart slugs (D:4)
  9 orcs
  2 bats
  9 endoplasms
  11 giant cockroaches
  9 goblins
  11 hobgoblins
  11 jackals
  8 kobolds
  5 quokkas
  3 ball pythons
  3 frilled lizards
  3 rats
143 creatures vanquished.

Notes
Turn   | Place    | Note
-------+----------+-------------------------------------------
     0 | D:1      | sokol815 the Octopode Venom Mage began the quest for the
                  | Orb.
     0 | D:1      | Reached XP level 1. HP: 11/11 MP: 3/3
   183 | D:1      | Reached skill level 4 in Poison Magic
   223 | D:1      | Reached XP level 2. HP: 13/17 MP: 5/5
   653 | D:1      | Reached XP level 3. HP: 14/21 MP: 4/6
   656 | D:1      | Reached skill level 5 in Poison Magic
  1270 | D:2      | Learned a level 3 spell: Mephitic Cloud
  1363 | D:2      | Noticed Natasha
  1368 | D:2      | Killed Natasha
  1369 | D:2      | Reached skill level 1 in Conjurations
  1369 | D:2      | Reached XP level 4. HP: 27/27 MP: 7/7
  1394 | D:2      | Reached skill level 1 in Air Magic
  1422 | D:2      | Noticed Robin
  1668 | D:2      | Killed Robin
  1843 | D:2      | Noticed Natasha
  1858 | D:2      | Killed Natasha
  1859 | D:2      | Reached XP level 5. HP: 19/31 MP: 5/8
  1901 | D:2      | Noticed Natasha
  1908 | D:2      | Killed Natasha
  1909 | D:2      | Reached skill level 2 in Conjurations
  1909 | D:2      | Reached skill level 2 in Air Magic
  2310 | D:2      | Noticed Jessica
  3914 | D:3      | Reached skill level 3 in Stealth
  4335 | D:4      | HP: 6/31 [acid (8)]
  4342 | D:3      | HP: 6/31 [acid (3)]
  4343 | D:3      | Reached XP level 6. HP: 7/36 MP: 9/9
  4509 | D:4      | Reached skill level 1 in Short Blades
  4808 | D:4      | Reached skill level 3 in Conjurations
  4808 | D:4      | Reached skill level 3 in Air Magic
  4929 | D:4      | Reached skill level 4 in Stealth
  4929 | D:4      | Reached skill level 6 in Poison Magic
  5215 | D:4      | Reached XP level 7. HP: 32/41 MP: 10/10
  5915 | D:5      | Entered Level 5 of the Dungeon
  6053 | D:5      | HP: 10/40 [necrophage (5)]
  6061 | D:5      | HP: 7/41 [iguana (9)]
  6361 | D:5      | Reached skill level 5 in Stealth
  6768 | D:5      | Reached skill level 4 in Conjurations
  6877 | D:5      | Reached skill level 4 in Air Magic
  6926 | D:5      | Learned a level 3 spell: Dazzling Flash
  6993 | D:6      | Noticed Menkaure
  7085 | D:6      | Reached skill level 2 in Short Blades
  7088 | D:6      | Reached XP level 8. HP: 31/46 MP: 8/11
  7090 | D:6      | Reached skill level 6 in Stealth
  7098 | D:6      | HP: 10/46 [orc/+0 hand axe (3)]
  7100 | D:6      | HP: 4/46 [orc/+0 hand axe (6)]
  7640 | D:6      | Identified the +1 scale mail "Ehuleyk" {rF+ Int+2 Dex+2
                  | Slay+3}
  7971 | D:6      | Noticed Duvessa
  7982 | D:6      | Noticed Dowan
  7984 | D:6      | Killed Duvessa
  7985 | D:6      | Reached skill level 3 in Short Blades
  7985 | D:6      | Reached skill level 7 in Stealth
  7985 | D:6      | Reached skill level 5 in Conjurations
  7985 | D:6      | Reached skill level 5 in Air Magic
  7991 | D:6      | Killed Dowan
  8203 | D:6      | Reached skill level 7 in Poison Magic
  8451 | D:7      | Found a staircase to the Ecumenical Temple.
  8460 | D:7      | Reached skill level 8 in Stealth
  8460 | D:7      | Reached XP level 9. HP: 51/51 MP: 12/12
  8465 | Temple   | Entered the Ecumenical Temple
  8859 | D:7      | Learned a level 3 spell: Ozocubu's Armour
  8916 | D:7      | Reached skill level 1 in Ice Magic
  9335 | D:7      | Slain by a wyvern

Illustrated notes

Levels and vault maps discovered:
D:1:      kennysheep_arrival_seaside, layout_loops_ring, minmay_3d_cube
D:2:      layout_loops_corners, uniq_natasha, uniq_jessica, uniq_robin
D:3:      minmay_roachtagon, layout_basic, minmay_fractal_squares_gapless_5
D:4:      layout_layer_cave
D:5:      layout_rooms
D:6:      layout_loops_ring, dreamdust_wishing_well, minmay_between,
          uniq_duvessa, uniq_menkaure
D:7:      layout_cave_pools, fedhas_bush_and_centaur_altar,
          minmay_temple_entry_large_hall, guppyfry_early_elven_hall
Temple:   mainiacjoe_temple_cubbyholes

Skill      XL: |  1  2  3  4  5  6  7  8  9 |
---------------+----------------------------+-----
Poison Magic   | 4 5 6 7 |  7.5
Conjurations   | 1 2 3 4 5 |  5.0
Air Magic      | 1 2 3 4 5 |  5.0
Stealth        | 3 4 5 8 |  8.0
Short Blades   | 1 2 3 |  3.9
Ice Magic      | 1 |  1.5
Dodging        | |  2.0
Spellcasting   | |  2.0
Transmutations | |  1.0

Action                   |  1- 3 |  4- 6 |  7- 9 || total
-------------------------+-------+-------+-------++-------
Melee: Spear             |    45 |       |    11 ||    56
       Tentacles         |    11 |    23 |    32 ||    66
       Constrict         |    13 |    29 |    26 ||    68
       Dagger            |    21 |   120 |   101 ||   242
       Punch             |       |     2 |     2 ||     4
 Cast: Sting             |    18 |    44 |    11 ||    73
       Mephitic Cloud    |       |       |    34 ||    34
       Dazzling Flash    |       |       |     1 ||     1
Evoke: Wand              |       |       |     1 ||     1
  Use: Scroll            |     6 |     5 |     7 ||    18
       Potion            |       |     2 |     3 ||     5
 Stab: Sleeping          |     5 |     2 |     7 ||    14
       Confused          |       |       |     8 ||     8
Armor: Skin              |    10 |     6 |     2 ||    18
Dodge: Dodged            |    32 |    73 |    54 ||   159

Table legend: (Time is in decaauts)
 A = Elapsed time spent in this place.
 B = Non-inter-level travel time spent in this place.
 C = Inter-level travel time spent in this place.
 D = Time resting spent in this place.
 E = Time spent auto-exploring this place.
 F = Levels seen in this place.
 G = Mean time per level.
                   A        B        C        D        E       F      G
               +--------+--------+--------+--------+--------+-----+--------+
         Total |   9333 |   8738 |    595 |   2498 |   4718 |   8 | 1166.6 |
       Dungeon |   9026 |   8536 |    490 |   2498 |   4517 |   7 | 1289.4 |
        Temple |    306 |    201 |    105 |      0 |    201 |   1 |  306.0 |
               +--------+--------+--------+--------+--------+-----+--------+

Top non-repeatable levels by time:
     D:2: 1939 daAuts
     D:3: 1542 daAuts
     D:4: 1468 daAuts
     D:6: 1268 daAuts
     D:1: 1221 daAuts
     D:5: 1129 daAuts
     D:7: 457 daAuts
  Temple: 306 daAuts

Table legend:
 A = Kills in this place as a percentage of kills in entire the game.
 B = Kills by you in this place as a percentage of kills by you in the entire game.
 C = Kills by friends in this place as a percentage of kills by friends in the entire game.
 D = Other kills in this place as a percentage of other kills in the entire game.
 E = Experience gained in this place as a percentage of experience gained in the entire game.
 F = Experience gained in this place divided by the number of levels of this place that you have seen.
                   A       B       C       D       E      F
               +-------+-------+-------+-------+-------+----------------------
         Total | 100.0 | 100.0 |   N/A | 100.0 | 100.0 | 331.5
       Dungeon | 100.0 | 100.0 |   N/A | 100.0 | 100.0 | 378.9
               +-------+-------+-------+-------+-------+----------------------
